 Dungeon Crawl Stone Soup version 0.28-a0-622-gbaef9634d7 (webtiles) character file.

Game seed: 3264444663375204872

1649 Anon1729 the Cleaver (level 8, -3/65 HPs)
             Began as a Minotaur Monk on Oct 7, 2021.
             Was a Priest of Hepliaklqana.
             Engulfed by a steam dragon's steam (12 damage)
             ... on level 7 of the Dungeon.
             The game lasted 00:06:06 (6819 turns).

Anon1729 the Cleaver (Minotaur Monk)                Turns: 6819, Time: 00:06:07

Health: -3/65      AC: 10    Str: 17 (18) XL:     8   Next: 67%
Magic:  7/7        EV:  9    Int: 12 (13) God:    Hepliaklqana [***...]
Gold:   253        SH:  0    Dex: 12 (13) Spells: 7/7 levels left

rFire   . . .      SeeInvis .   a - +0 hand axe
rCold   . . .      Faith    .   (no shield)
rNeg    . . .      Spirit   .   D - +1 chain mail {Will+}
rPois   +          Reflect  .   (helmet restricted)
rElec   .          Harm     .   (no cloak)
rCorr   .          Rampage  .   (no gloves)
Will    +....                   (no boots)
Stlth   ..........              (no amulet)
HPRegen 0.20/turn               p - ring of poison resistance
MPRegen 0.10/turn               s - +6 ring of intelligence

@: attractive
A: reduced essence, horns 2, retaliatory headbutt
a: Renounce Religion, Recall Ancestor, Ancestor Identity, Transference


You were on level 7 of the Dungeon.
You worshipped Hepliaklqana.
Hepliaklqana was most pleased with you.
You visited 1 branch of the dungeon, and saw 6 of its levels.

You collected 253 gold pieces.

Inventory:

Hand Weapons
 a - a +0 hand axe (weapon)
Armour
 b - a +0 robe
 D - a +1 chain mail of willpower (worn)
Jewellery
 p - a ring of poison resistance (left hand)
 s - a +6 ring of intelligence (right hand)
Wands
 m - a wand of paralysis (13)
 x - a wand of acid (7)
Scrolls
 d - a scroll of blinking {unknown}
 f - 2 scrolls of teleportation {unknown}
 g - 5 scrolls of identify {unknown}
 i - a scroll of vulnerability {unknown}
 j - a scroll of holy word {unknown}
 n - a scroll of brand weapon {unknown}
 o - 2 scrolls of magic mapping {unknown}
 q - a scroll of amnesia {unknown}
 t - 2 scrolls of immolation {unknown}
 u - a scroll of noise {unknown}
 y - a scroll of enchant armour {unknown}
Potions
 c - 2 potions of magic {unknown}
 e - a potion of curing {unknown}
 h - 4 potions of degeneration
 k - a potion of might {unknown}
 l - a potion of brilliance {unknown}
 r - a potion of lignification {unknown}
 v - a potion of resistance {unknown}
 w - a potion of berserk rage {unknown}
 z - 2 potions of attraction
 A - a potion of heal wounds {unknown}
 B - 2 potions of invisibility {unknown}
 C - a potion of mutation {unknown}


   Skills:
 + Level 7.0 Fighting
 * Level 9.0 Axes
 + Level 5.4 Armour
 + Level 6.3 Dodging
 - Level 2.1 Stealth


You had 7 spell levels left.
You didn't know any spells.
Your spell library contained the following spells:

 Spells                   Type           Power      Damage    Failure   Level
 Ensorcelled Hibernation  Hex/Ice        0%         N/A       100%        2
 Static Discharge         Conj/Air       0%         N/A       100%        2
 Spider Form              Tmut/Pois      0%         N/A       100%        3
 Dispel Undead            Necr           0%         3d6       100%        4
 Sticky Flame             Conj/Fire      0%         2d3       100%        4


Dungeon Overview and Level Annotations

Branches:
Dungeon (7/15)             Temple (0/1) D:7

Altars:
Gozag
Hepliaklqana
Nemelex Xobeh
Trog
Yredelemnul

Shops:
D:5 [


Innate Abilities, Weirdness & Mutations

Your life essence is reduced to manifest your ancestor. (-10% HP)
You have a pair of horns on your head.
You reflexively headbutt those who attack you in melee.


Message History

No target in view!
No target in view!
No target in view!
No target in view!
No target in view!
No target in view!
No target in view!
No target in view!
No target in view!
No target in view!
The steam dragon barely misses you.
The steam dragon claws you but does no damage.
You hit the steam dragon but do no damage.
You headbutt the steam dragon.
The steam dragon is lightly wounded.
The steam dragon breathes steam at you.
The ball of steam hits Ahhotep!
Ahhotep resists.
The ball of steam hits you!
Ahhotep closely misses the steam dragon.
The steam dragon barely misses Ahhotep. x2
Ahhotep hits the steam dragon with a +0 quarterstaff!
The steam dragon breathes steam at you.
The ball of steam hits Ahhotep!
Ahhotep resists.
The ball of steam hits you!!
* * * LOW HITPOINT WARNING * * *
You hear an angry hiss.
The steam dragon bites Ahhotep!
Ahhotep is destroyed!
It was a potion of degeneration.
There was something very wrong with that liquid.
You feel weakened.
You feel dopey.
You feel clumsy. The steam dragon breathes steam at you.
The ball of steam hits you.
* * * LOW HITPOINT WARNING * * *
It was a potion of attraction.
You feel attractive to monsters.
You are engulfed in a cloud of scalding steam.
You die...

.###...........###.# #P#.P#
####..........##...# #....#
...#...............####..#####
...#...###.##.........#......####
#.......#..#..........##......#.#
##..#.................###...<.#.#
....##....#.....§.......#........
..###...###....§§§........#......
#..###..# #....#@§#####.####.....
##.###.####....§§.#.#............
....#...##..#.##§##..............
....###########§D.##.............
.<.## #....§#............. ..##
#....≈#............# ..#≈≈
#...≈≈#......)....## ..#≈....#
..≈≈§##........#..## ..#.....###
≈≈≈####..............


There were no monsters in sight!

Vanquished Creatures
  A shadow (D:5)
  A water moccasin (D:6)
  A phantom (D:6)
  A bullfrog (D:6)
  A water moccasin zombie (D:5)
  Dowan (D:7)
  A howler monkey (D:5)
  2 hounds
  An iguana (D:6)
  A hound zombie (D:5)
  4 adders
  3 worms
  A dart slug (D:1)
  5 orcs
  5 endoplasms
  5 giant cockroaches
  11 goblins
  7 ball pythons
  6 bats
  6 frilled lizards
  4 kobolds
  3 rats (D:1)
71 creatures vanquished.

Vanquished Creatures (collateral kills)
  A steam dragon (D:6)
  A black bear (D:3)
  Duvessa (D:7)
  An ice beast (D:5)
  An orc warrior (D:7)
  A necrophage (D:7)
  A water moccasin zombie (D:5)
  A scorpion (D:5)
  A howler monkey (D:6)
  A centaur zombie (D:5)
  2 iguanas (D:5)
  An orc wizard (D:6)
  Robin (D:3)
  An adder (D:3)
  A white imp (D:5)
  4 orcs
  A bat (D:3)
  An endoplasm (D:3)
  2 goblins (D:3)
  3 hobgoblins (D:3)
  A kobold (D:3)
28 creatures vanquished.

Vanquished Creatures (others)
  3 battlemagi
  2 fungi (D:7)
5 creatures vanquished.

Grand Total: 104 creatures vanquished

Notes
Turn   | Place    | Note
-------+----------+-------------------------------------------
     0 | D:1      | Anon1729 the Minotaur Monk began the quest for the Orb.
     0 | D:1      | Reached XP level 1. HP: 19/19 MP: 0/0
    96 | D:1      | Reached XP level 2. HP: 17/27 MP: 1/1
   482 | D:1      | Reached skill level 4 in Axes
   519 | D:1      | Found a faded altar of an unknown god.
   607 | D:1      | Reached XP level 3. HP: 33/33 MP: 2/2
  1674 | D:2      | Found a hazy altar of Hepliaklqana.
  1695 | D:2      | Reached XP level 4. HP: 37/40 MP: 3/3
  1714 | D:2      | Became a worshipper of Hepliaklqana the Forgotten
  1714 | D:2      | Reached * piety under Hepliaklqana
  1714 | D:2      | Reached ** piety under Hepliaklqana
  1715 | D:2      | Remembered your ancestor Ahhotep as a battlemage
  1996 | D:3      | Noticed a black bear
  2003 | D:3      | Killed a black bear
  2004 | D:3      | Reached skill level 5 in Axes
  2004 | D:3      | Reached skill level 1 in Armour
  2004 | D:3      | Reached XP level 5. HP: 9/42 MP: 4/4
  2707 | D:3      | Noticed Robin
  2741 | D:3      | Killed Robin
  3101 | D:3      | You fall into a shaft and drop 2 floors!
  3101 | D:5      | Entered Level 5 of the Dungeon
  3135 | D:5      | Reached skill level 5 in Fighting
  3135 | D:5      | Reached XP level 6. HP: 45/50 MP: 5/5
  3348 | D:5      | Reached skill level 6 in Axes
  3502 | D:5      | Noticed a shadow
  3521 | D:5      | Killed a shadow
  3522 | D:5      | Reached skill level 5 in Dodging
  3522 | D:5      | Reached XP level 7. HP: 16/54 MP: 6/6
  3746 | D:5      | Found an opulent altar of Gozag.
  3806 | D:5      | Found Ampiyff's Armour Shop.
  3928 | D:5      | Reached *** piety under Hepliaklqana
  4135 | D:5      | Reached skill level 7 in Axes
  4372 | D:5      | Found a basalt altar of Yredelemnul.
  5094 | D:6      | Noticed a steam dragon
  5108 | D:6      | Killed a steam dragon
  5109 | D:6      | Reached XP level 8. HP: 36/63 MP: 7/7
  5308 | D:6      | Found a bloodstained altar of Trog.
  5320 | D:6      | Reached skill level 8 in Axes
  5632 | D:6      | Found a sparkling altar of Nemelex Xobeh.
  5800 | D:7      | Noticed Duvessa
  5801 | D:7      | Noticed Dowan
  6089 | D:7      | Killed Duvessa
  6090 | D:7      | Reached skill level 5 in Armour
  6260 | D:7      | Killed Dowan
  6356 | D:7      | Found a staircase to the Ecumenical Temple.
  6673 | D:7      | Reached skill level 9 in Axes
  6819 | D:7      | Engulfed by a steam dragon's steam

Illustrated notes

Levels and vault maps discovered:
D:1:      dpeg_arrival_short_road, layout_rooms,
          hellmonk_ecumenical_altar_arch_garden
D:2:      layout_basic, basic_altar
D:3:      layout_basic, serial_park_tiny_pond, uniq_robin
D:5:      layout_gridville, lemuel_zombie_altar_yredelemnul,
          mainiacjoe_overflow_24_doors, serial_shops, shop
D:6:      layout_loops_ring, hangedman_feature_mirror
D:7:      cheibrodos_steamvent, layout_cave_pools, minmay_temple_entry_statues,
          uniq_duvessa, uniq_crazy_yiuf_cottage

Skill      XL: |  1  2  3  4  5  6  7  8 |
---------------+-------------------------+-----
Fighting       | 4 5 6 7 |  7.0
Axes           | 4 5 6 7 9 |  9.0
Stealth        | 2 |  2.1
Armour         | 1 2 3 4 5 |  5.4
Dodging        | 4 5 6 |  6.3

Action                   |  1- 3 |  4- 6 |  7- 9 || total
-------------------------+-------+-------+-------++-------
Melee: Hand axe          |    93 |    51 |   105 ||   249
       Headbutt          |    15 |    10 |    15 ||    40
Invok: Ancestor Life: Ba |       |     1 |       ||     1
       Recall Ancestor   |       |     2 |     1 ||     3
  Use: Potion            |       |       |     2 ||     2
 Stab: Sleeping          |     5 |     3 |       ||     8
       Distracted        |       |     2 |     2 ||     4
Armor: Robe              |    13 |     7 |     8 ||    28
       Chain mail        |       |       |     5 ||     5
Dodge: Dodged            |    62 |    35 |    61 ||   158

Table legend: (Time is in decaauts)
 A = Elapsed time spent in this place.
 B = Non-inter-level travel time spent in this place.
 C = Inter-level travel time spent in this place.
 D = Time resting spent in this place.
 E = Time spent auto-exploring this place.
 F = Levels seen in this place.
 G = Mean time per level.
                   A        B        C        D        E       F      G
               +--------+--------+--------+--------+--------+-----+--------+
         Total |   6820 |   6710 |    110 |    614 |   5356 |   6 | 1136.7 |
       Dungeon |   6820 |   6710 |    110 |    614 |   5356 |   6 | 1136.7 |
               +--------+--------+--------+--------+--------+-----+--------+

Top non-repeatable levels by time:
     D:5: 1812 daAuts
     D:6: 1279 daAuts
     D:3: 1131 daAuts
     D:1: 1046 daAuts
     D:2: 933 daAuts
     D:7: 618 daAuts
